[Event "ICCopen2017"]
[Site "Internet Chess Club"]
[Date "2017.03.26"]
[Round "7"]
[White "DementedMonkey"]
[Black "Clownfish"]
[Result "0-1"]
[ICCResult "White resigns"]
[WhiteElo "2257"]
[BlackElo "2632"]
[Opening "Torre attack (Tartakower variation)"]
[ECO "D03"]
[NIC "QP.08"]
[Time "20:18:02"]
[TimeControl "180+0"]

1. d4 d5 2. Nf3 Nf6 3. Bg5 Ne4 4. Bh4 Bf5 5. Nbd2 c6 6. c3 Nd7 7. e3 Qb6 8.
Qb3 e6 9. Nxe4 Bxe4 10. Nd2 Bg6 11. Be2 Be7 12. Bxe7 Qxb3 13. axb3 Kxe7 14.
b4 a6 15. O-O Rhe8 16. Nb3 Kd6 17. Nc5 Kc7 18. Bg4 Nxc5 19. bxc5 e5 20. Rfe1
f6 21. f4 exf4 22. exf4 Be4 23. Kf2 f5 24. Bf3 Re6 25. b4 Rae8 26. g3 h6 27.
Re3 Kd7 28. Rae1 g5 29. Bh5 R8e7 30. R3e2 Rg7 31. Rg1 Ree7 32. Re3 Rg8 33.
Bd1 Reg7 34. fxg5 hxg5 35. Bf3 Ke6 36. g4 Rf8 37. gxf5+ Rxf5 38. Kg3 Rxf3+
39. Rxf3 Bxf3 40. Kxf3 Kf5 41. Re1 Kf6 42. Re5 Rh7 43. Kg3 Rh4 44. h3 Re4
45. Rxe4 dxe4 46. Kf2 Ke6 47. Ke3 Kd5 48. Kd2 Ke6 49. Ke3 Kd5 50. Kd2 Kc4
51. Ke3 Kxc3 52. Kxe4 Kxb4 53. Kf5 a5 54. Kxg5 a4 55. h4 a3 56. h5 a2 57. h6
a1=Q 58. h7 Qxd4 {White resigns} 0-1

[Event "ICCopen2017"]
[Site "Internet Chess Club"]
[Date "2017.03.26"]
[Round "7"]
[White "JUGGERNOT"]
[Black "lion100"]
[Result "1-0"]
[ICCResult "Black forfeits on time"]
[WhiteElo "1843"]
[BlackElo "1396"]
[Opening "Bird's opening"]
[ECO "A03"]
[NIC "VO.07"]
[Time "20:18:36"]
[TimeControl "180+0"]

1. f4 d5 2. Nf3 c5 3. e3 Nc6 4. Be2 Qc7 5. O-O e6 6. d3 g6 7. Qe1 Bg7 8. Nc3
d4 9. exd4 cxd4 10. Ne4 Nf6 11. Qh4 Nd5 12. c4 dxc3 13. bxc3 Nxc3 14. Nxc3
Bxc3 15. Rb1 O-O 16. Bb2 Bxb2 17. Rxb2 Qd6 18. Qg5 a6 19. Qh6 f6 20. Rfb1 b5
21. h4 Nd4 22. Nxd4 Qxd4+ 23. Kh1 Bb7 24. h5 Rf7 25. Rb4 Qe3 26. R1b2 Rc8
27. Kh2 Rc1 28. Bf3 Bxf3 29. gxf3 Qxf3 30. Rg2 Qf1 31. hxg6 Qh1+ 32. Kg3
{Black forfeits on time}
1-0

[Event "ICCopen2017"]
[Site "Internet Chess Club"]
[Date "2017.03.26"]
[Round "7"]
[White "ChessOptimist"]
[Black "BrentMusburger"]
[Result "0-1"]
[ICCResult "White forfeits on time"]
[WhiteElo "2049"]
[BlackElo "2355"]
[Opening "Gedult's opening"]
[ECO "A00"]
[Time "20:17:38"]
[TimeControl "180+0"]

1. f3 e5 2. Nh3 d5 3. Nf2 Nf6 4. e3 Bd6 5. d4 O-O 6. Be2 Re8 7. c3 c5 8. O-O
Nc6 9. dxc5 Bxc5 10. b4 Bb6 11. a4 a5 12. b5 Ne7 13. Re1 Nf5 14. Bd3 e4 15.
fxe4 dxe4 16. Bc4 Qe7 17. Qb3 Nd7 18. Na3 Nc5 19. Qc2 Bc7 20. g3 Qg5 21. Nh1
Nh4 22. Rf1 Nf3+ 23. Kg2 Bh3+ 24. Kf2 Nxh2 25. Ke1 Nxf1 26. Bxf1 Bxf1 27.
Kxf1 Nd3 28. Nc4 Bxg3 29. Qg2 Qf6+ 30. Kg1 Bh4 31. Bd2 Rac8 32. Rf1 Qg6 33.
Qxg6 hxg6 34. Nd6 Red8 35. Nxc8 Rxc8 36. Kg2 Bf6 37. b6 Bxc3 38. Bxc3 Rxc3
39. Rb1 Rc2+ 40. Kg3 Rb2 41. Rf1 Rxb6 42. Kg4 Rf6 43. Rb1 b6 44. Ng3 Ne5+
45. Kh3 g5 46. Kg2 g4 47. Nxe4 Rf3 48. Ng5 Rxe3 49. Rc1 g6 50. Rc8+ Kg7 51.
Rc7 Re2+ 52. Kf1 Ra2 53. Ne6+ Kf6 54. Nf8 Ra1+ {White forfeits on time} 0-1

[Event "ICCopen2017"]
[Site "Internet Chess Club"]
[Date "2017.03.26"]
[Round "7"]
[White "Monterrey"]
[Black "Eigeneier"]
[Result "1-0"]
[ICCResult "Black forfeits on time"]
[WhiteElo "1677"]
[BlackElo "1888"]
[Opening "King's Indian: orthodox, Aronin-Taimanov, bayonet attack"]
[ECO "E97"]
[NIC "KI.05"]
[Time "20:18:09"]
[TimeControl "180+0"]

1. d4 Nf6 2. c4 g6 3. Nc3 Bg7 4. e4 d6 5. Nf3 O-O 6. Be2 e5 7. O-O Nc6 8. d5
Ne7 9. b4 Nd7 10. Re1 h6 11. Ba3 b6 12. Rc1 f5 13. c5 bxc5 14. bxc5 Nxc5 15.
Bxc5 dxc5 16. Bc4 Kh7 17. exf5 gxf5 18. Nxe5 Ng6 19. Nxg6 Kxg6 20. Qf3 Bb7
21. Re6+ Kh7 22. Rce1 Qg5 23. Re7 Kh8 24. Nb5 c6 25. dxc6 Ba6 26. Nd6 Bxc4
27. Nxc4 Rad8 28. g3 Qg4 29. Qxg4 fxg4 30. c7 Rc8 31. Nd6 Ra8 32. c8=R Raxc8
33. Nxc8 Rxc8 34. Rxa7 c4 35. Rc1 Rg8 36. Ra4 h5 37. Raxc4 Kh7 38. Rc6 Bh6
39. R1c2 Rg7 40. a4 Bg5 41. a5 Be7 42. a6 Bb4 43. Rc7 Be7 44. R2c6 Bf6 45.
Rxg7+ Bxg7 46. a7 {Black forfeits on time} 1-0

[Event "ICCopen2017"]
[Site "Internet Chess Club"]
[Date "2017.03.26"]
[Round "7"]
[White "TricksOnly"]
[Black "MoonlightWizard"]
[Result "1-0"]
[ICCResult "Black forfeits on time"]
[WhiteElo "2416"]
[BlackElo "2791"]
[Opening "French: Winawer, Alekhine gambit, Kan variation"]
[ECO "C15"]
[NIC "FR.08"]
[Time "20:17:53"]
[TimeControl "180+0"]

1. e4 e6 2. d4 d5 3. Nc3 Bb4 4. Ne2 dxe4 5. a3 Bxc3+ 6. Nxc3 Nc6 7. Bb5 Ne7
8. Bg5 f6 9. Be3 O-O 10. Qd2 f5 11. O-O-O Nd5 12. Nxd5 exd5 13. Bf4 Ne7 14.
h4 Bd7 15. Bxd7 Qxd7 16. Be5 Nc6 17. f4 Rac8 18. h5 Qe6 19. h6 g6 20. Bg7
Rf7 21. Rhg1 b6 22. Qe3 Na5 23. b3 c5 24. dxc5 bxc5 25. Bb2 d4 26. Qd2 Nc6
27. Qe2 Rd7 28. g4 Rf8 29. gxf5 Rxf5 30. Qa6 Nd8 31. Qc8 Qc6 32. Qb8 Qb7 33.
Qxb7 Nxb7 34. b4 Rfd5 35. Rg5 cxb4 36. axb4 d3 37. Rxd5 Rxd5 38. cxd3 exd3
39. Be5 Nd6 40. Kd2 Nc4+ 41. Kc3 Nxe5 42. fxe5 Kf7 43. Kd2 Ke6 44. Ra1 Rd7
45. Ra5 g5 46. Rc5 g4 47. Rc4 Kxe5 48. Rxg4 Kf5 49. Rg7 Ke6 50. Rg3 Rb7 51.
Kc3 d2 52. Rd3 Ke5 53. Rxd2 Rb6 54. Rd7 Rxh6 55. Rxa7 Rc6+ 56. Kb3 h5 57.
Ra5+ Kd4 58. Rxh5 Rc4 59. Rh4+ {Black forfeits on time} 1-0

[Event "ICCopen2017"]
[Site "Internet Chess Club"]
[Date "2017.03.26"]
[Round "7"]
[White "arshavin2015"]
[Black "lestri"]
[Result "0-1"]
[ICCResult "White checkmated"]
[WhiteElo "1975"]
[BlackElo "2552"]
[Opening "Sicilian defense"]
[ECO "B40"]
[NIC "SI.43"]
[Time "20:18:09"]
[TimeControl "180+0"]

1. e4 c5 2. Nf3 e6 3. d3 c4 4. dxc4 Nc6 5. Nc3 Nf6 6. Be2 Bc5 7. h3 a6 8. e5
Ng8 9. Ne4 Be7 10. c5 Bxc5 11. Nxc5 Qa5+ 12. Bd2 Qxc5 13. Bc3 Nge7 14. Bd3
Nd5 15. Bd2 Ndb4 16. O-O Nxd3 17. cxd3 Nxe5 18. d4 Nxf3+ 19. Qxf3 Qe7 20. a3
d6 21. Rfe1 O-O 22. Rac1 Rd8 23. Ba5 Rd7 24. Qc3 Qe8 25. Re3 b5 26. Rg3 Bb7
27. Qe3 f6 28. Re1 e5 29. Qh6 Kh8 30. Qh4 Rc8 31. Bc3 Qf7 32. Qg4 Bd5 33. h4
e4 34. h5 f5 35. Qf4 Qxh5 36. Rg5 Qe8 37. Re3 Rf7 38. Rh3 Qe6 39. Qh4 h6 40.
Qh5 Rf6 41. Qh4 Rcf8 42. Rhg3 R8f7 43. b4 Kh7 44. Qh5 f4 45. Rxg7+ Rxg7 46.
Rxg7+ Kxg7 47. Bd2 e3 48. fxe3 Rg6 49. Be1 Qxe3+ 50. Kf1 Bxg2#
{White checkmated}
0-1

[Event "ICCopen2017"]
[Site "Internet Chess Club"]
[Date "2017.03.26"]
[Round "7"]
[White "leole51"]
[Black "mn8"]
[Result "0-1"]
[ICCResult "White resigns"]
[WhiteElo "1680"]
[BlackElo "1976"]
[Opening "Sicilian: Sveshnikov variation"]
[ECO "B33"]
[NIC "SI.38"]
[Time "20:18:13"]
[TimeControl "180+0"]

1. e4 c5 2. Nf3 Nc6 3. d4 cxd4 4. Nxd4 Nf6 5. Nc3 e5 6. Ndb5 d6 7. Bg5 a6 8.
Na3 b5 9. Bxf6 gxf6 10. Nd5 f5 11. c3 Bg7 12. exf5 Bxf5 13. Nc2 O-O 14. Nce3
Be6 15. Bd3 f5 16. Qh5 e4 17. Bc2 Ne7 18. Rd1 Nxd5 19. Nxd5 Ra7 20. O-O Be5
21. f4 Bxd5 22. Rxd5 Qb6+ 23. Kh1 Bg7 24. Rxf5 e3 25. Rg5 h6 26. Qxh6 e2 27.
Qh7+ Kf7 28. Rxg7+ Ke8 29. Qh5+ Kd8 30. Qg5+ Kc8 31. Qg4+ Kb8 32. Rg1 Qxg1+
{White resigns}
0-1

[Event "ICCopen2017"]
[Site "Internet Chess Club"]
[Date "2017.03.26"]
[Round "7"]
[White "BirchRun"]
[Black "FGM21"]
[Result "0-1"]
[ICCResult "White forfeits on time"]
[WhiteElo "1623"]
[BlackElo "1940"]
[Opening "Trompowsky attack (Ruth, Opocenský opening)"]
[ECO "A45"]
[NIC "QP.07"]
[Time "20:17:21"]
[TimeControl "180+0"]

1. d4 Nf6 2. Bg5 g6 3. Bxf6 exf6 4. e3 d5 5. g3 Bd6 6. Bg2 h5 7. h4 O-O 8.
Ne2 c6 9. Nd2 Nd7 10. O-O Nb6 11. b3 Kg7 12. c4 Bc7 13. Nf4 Bg4 14. Qc2 g5
15. hxg5 fxg5 16. Nh3 h4 17. Nf3 f6 18. a4 Rh8 19. a5 Nd7 20. cxd5 cxd5 21.
Rac1 Rc8 22. Qd3 hxg3 23. fxg3 Bxh3 24. e4 Bxg2 25. Kxg2 Nf8 26. e5 Ng6 27.
exf6+ Qxf6 28. Ne5 Nxe5 29. dxe5 Qxe5 30. Rce1 Qxg3+ 31. Qxg3 Bxg3 32. Kxg3
Rc3+ 33. Kg4 Rh4+ 34. Kxg5 Re4 35. Rxe4 dxe4 36. Kf4 e3 37. Re1 Rxb3 38. Ke4
Kf6 39. Ra1 Ke6 40. Kf3 Ke5 41. Ke2 Kd4 42. Ra4+ Kc5 43. Re4 Kb5 44. Re5+
Ka6 45. Ke1 Rb1+ 46. Ke2 Rb3 47. Rf5 Rb5 48. Rf6+ Kxa5 49. Kxe3 Rb4 50. Kd3
a6 51. Kc3 b5 52. Rf8 Rc4+ 53. Kb3 Rh4 54. Rb8 Rh2 55. Rf8 Rh3+ 56. Kc2 Ka4
{White forfeits on time}
0-1

[Event "ICCopen2017"]
[Site "Internet Chess Club"]
[Date "2017.03.26"]
[Round "7"]
[White "MikeWzd"]
[Black "FiveCardDraw"]
[Result "1-0"]
[ICCResult "Black forfeits on time"]
[WhiteElo "1736"]
[BlackElo "1512"]
[Opening "QGD Slav defense: exchange variation"]
[ECO "D10"]
[NIC "SL.01"]
[Time "20:18:34"]
[TimeControl "180+0"]

1. d4 d5 2. c4 c6 3. cxd5 cxd5 4. Bf4 Nc6 5. Nf3 Nf6 6. e3 a6 7. Bd3 Qb6 8.
Qb3 Qxb3 9. axb3 Bd7 10. O-O Nb4 11. Rd1 Nxd3 12. Rxd3 e6 13. Ne5 Be7 14.
Nc3 Rc8 15. Na4 Bd8 16. Nc5 Bc6 17. Nxc6 bxc6 18. Rxa6 O-O 19. Rc3 Be7 20.
Bg5 Bxc5 21. Bxf6 gxf6 22. Rxc5 Rb8 23. Rc3 Rfc8 24. Kf1 Kf8 25. Ke2 Ke7 26.
Kd3 Kd6 27. Kc2 e5 28. Ra7 Rc7 29. Rxc7 Kxc7 30. Rc5 Rb5 31. Rxb5 cxb5 32.
Kc3 Kc6 33. Kb4 Kb6 34. f4 exf4 35. exf4 h5 36. f5 h4 37. g3 hxg3 38. hxg3
Kc6 39. Ka5 b4 40. Kxb4 Kb6 41. Ka4 Ka6 42. b4 Kb6 43. b5 Kb7 44. Kb4 Kb6
45. b3 Kb7 46. Kc5 Ka7 47. Kxd5 Kb6 48. Kc4 Kb7 49. Kc5 Kc7 50. d5 Kb7 51.
d6 Kc8 52. Kc6 Kd8 53. d7 Ke7 54. Kc7 Kf8 55. d8=Q+ Kg7 56. b6 Kh6 57. Qg8
Kh5 58. b7 Kh6 59. b8=Q Kh5 60. Qb5 {Black forfeits on time} 1-0

[Event "ICCopen2017"]
[Site "Internet Chess Club"]
[Date "2017.03.26"]
[Round "7"]
[White "Darnoc"]
[Black "DGurevich"]
[Result "1-0"]
[ICCResult "Black forfeits on time"]
[WhiteElo "2900"]
[BlackElo "2551"]
[Opening "Queen's pawn game"]
[ECO "D00"]
[NIC "QP.08"]
[Time "20:18:14"]
[TimeControl "180+0"]

1. d4 d5 2. c3 Nf6 3. Bf4 Bf5 4. Qb3 b6 5. e3 c6 6. Nf3 e6 7. Nbd2 h6 8. Be2
Be7 9. O-O O-O 10. Ne5 Nfd7 11. Ndf3 Be4 12. c4 Nf6 13. h3 a5 14. Rfc1 a4
15. Qd1 a3 16. b3 Bb4 17. Ne1 Qe8 18. N1d3 Be7 19. c5 b5 20. b4 Ra4 21. Rc3
Na6 22. Rb3 Qa8 23. Qe1 Rc8 24. Bd1 Nb8 25. Rc3 Ra6 26. Rac1 Bh7 27. f3 Nbd7
28. Bg3 Nxe5 29. dxe5 Ne8 30. Nf4 Nc7 31. Ne2 d4 32. Nxd4 Nd5 33. Rb3 Rd8
34. Bc2 Bxc2 35. Nxc2 Ra7 36. e4 Nc7 37. Rd1 Ne8 38. Rbd3 Rxd3 39. Rxd3 Qc8
40. Qd1 Ra4 41. Be1 Nc7 42. Bc3 Na6 43. Qb1 Nxc5 44. bxc5 Bxc5+ 45. Kh1 Rc4
46. Qb3 Qc7 47. Nxa3 {Black forfeits on time} 1-0

[Event "ICCopen2017"]
[Site "Internet Chess Club"]
[Date "2017.03.26"]
[Round "7"]
[White "tigerr"]
[Black "ibarra"]
[Result "0-1"]
[ICCResult "White resigns"]
[WhiteElo "2168"]
[BlackElo "2761"]
[Opening "Ruy Lopez: modern Steinitz defense, fianchetto (Bronstein) variation"]
[ECO "C76"]
[NIC "RL.03"]
[Time "20:18:02"]
[TimeControl "180+0"]

1. e4 e5 2. Nf3 Nc6 3. Bb5 g6 4. c3 a6 5. Ba4 d6 6. d4 Bd7 7. O-O Bg7 8. d5
Nce7 9. c4 h6 10. Nc3 f5 11. Bxd7+ Qxd7 12. Ne1 Nf6 13. f3 O-O 14. Nd3 f4
15. Bd2 g5 16. c5 g4 17. Qa4 gxf3 18. gxf3 Qh3 19. Qd1 Kh7 20. Rf2 Rg8 21.
Qf1 Qh5 22. Kh1 Bh8 23. Ne2 Ng6 24. Rc1 Rg7 25. cxd6 cxd6 26. Bb4 Rd8 27. a4
Rdd7 28. b3 Nh4 29. Qh3 Ne8 30. Rc8 Nf6 31. Rf8 Qg5 32. Rf1 Ng6 33. Rg1 Nxf8
34. Rxg5 Rxg5 35. Nb2 Rh5 36. Qf1 Rg5 37. Nc4 Ne8 38. Nb6 Rf7 39. Nc4 Rd7
40. Nb6 Rd8 41. Nc4 Rg6 42. Qa1 Rd7 43. Qf1 Bf6 44. a5 Bd8 45. Nb6 Rdg7 46.
Be1 Bc7 47. Bf2 Nf6 48. Qc1 Bd8 49. Nc8 Rc7 50. Qa3 Rxc8 51. Qxd6 Rc2 52.
Ng1 Rxf2 53. Qxd8 Rf1 54. Qe7+ Rg7 {White resigns} 0-1

[Event "ICCopen2017"]
[Site "Internet Chess Club"]
[Date "2017.03.26"]
[Round "7"]
[White "alejandrorios"]
[Black "ALexiz"]
[Result "1-0"]
[ICCResult "Black forfeits on time"]
[WhiteElo "1948"]
[BlackElo "1691"]
[Opening "Sicilian: Najdorf, Byrne (English) attack"]
[ECO "B90"]
[NIC "SI.14"]
[Time "20:17:51"]
[TimeControl "180+0"]

1. e4 c5 2. Nf3 d6 3. d4 cxd4 4. Nxd4 Nf6 5. Nc3 a6 6. Be3 e5 7. Nb3 Be6 8.
f3 Be7 9. Qd2 O-O 10. O-O-O Nbd7 11. g4 b5 12. g5 b4 13. Nd5 Nxd5 14. exd5
Bf5 15. Rg1 a5 16. Kb1 Nb6 17. Bd3 Bxd3 18. Qxd3 a4 19. Nd2 Ra5 20. Bxb6
Qxb6 21. Nc4 Qa7 22. Nxa5 Qxa5 23. Rg4 Rb8 24. h4 a3 25. Rc4 axb2 26. Rc6
Ra8 27. Qc4 Bf8 28. Rc8 Ra6 29. h5 Qa3 30. Rd3 Qa5 31. Rd1 Qa3 32. Re1 Ra5
33. f4 Qg3 34. Rd1 Qf3 35. Rd3 Qf1+ 36. Kxb2 exf4 37. Rxf8+ Kxf8 38. Qc8+
Ke7 39. Qc7+ Ke8 40. Qxa5 Qe2 41. Qb5+ Ke7 42. Qb8 Qe5+ 43. Kb3 f3 44. Qa7+
Kd8 45. Qe3 Qf5 46. Qxf3 Qxg5 47. Qxf7 Qe5 48. Qe6 Qf4 49. Qg8+ Kc7 50.
Qxg7+ Kb6 51. Qd4+ Qxd4 52. Rxd4 Kc5 53. Rg4 Kxd5 54. Rg7 Ke4 55. Rxh7 d5
56. Re7+ Kf5 57. h6 Kf6 58. Rb7 Kg6 59. Rxb4 Kxh6 60. Rd4
{Black forfeits on time}
1-0

[Event "ICCopen2017"]
[Site "Internet Chess Club"]
[Date "2017.03.26"]
[Round "7"]
[White "BlueGreen"]
[Black "unkavalo"]
[Result "1-0"]
[ICCResult "Black forfeits on time"]
[WhiteElo "2750"]
[BlackElo "2475"]
[Opening "Réti: King's Indian attack, Spassky's variation"]
[ECO "A05"]
[NIC "QP.11"]
[Time "20:18:05"]
[TimeControl "180+0"]

1. Nf3 Nf6 2. g3 b5 3. Bg2 Bb7 4. O-O e6 5. b3 Be7 6. c4 b4 7. Bb2 O-O 8. d4
c5 9. d5 exd5 10. Nh4 g6 11. cxd5 d6 12. Nd2 Re8 13. Nc4 Nbd7 14. e4 Nb6 15.
Ne3 a5 16. f4 a4 17. e5 Nh5 18. Nhf5 a3 19. Bc1 Bf8 20. exd6 Nf6 21. Ne7+
Bxe7 22. dxe7 Qxe7 23. d6 Qd7 24. Bxb7 Qxb7 25. f5 g5 26. Ng4 Nxg4 27. Qxg4
f6 28. Bxg5 fxg5 29. f6 Kh8 30. f7 Rf8 31. Qe6 Nd7 32. Rae1 Rad8 33. Qe7 Qb6
34. Rf2 c4 35. bxc4 b3 36. axb3 Qd4 37. Qxg5 a2 38. Qa5 Rxf7 39. Qxd8+ Kg7
40. Qg5+ Kh8 41. Qd2 {Black forfeits on time} 1-0

[Event "ICCopen2017"]
[Site "Internet Chess Club"]
[Date "2017.03.26"]
[Round "7"]
[White "uptonjr"]
[Black "nadalthegreat"]
[Result "1-0"]
[ICCResult "Black checkmated"]
[WhiteElo "1775"]
[BlackElo "2035"]
[Opening "King's Indian: orthodox, 7...Nbd7"]
[ECO "E94"]
[NIC "KI.12"]
[Time "20:18:32"]
[TimeControl "180+0"]

1. d4 Nf6 2. c4 g6 3. Nc3 Bg7 4. e4 d6 5. Nf3 O-O 6. Be2 Nbd7 7. O-O e5 8.
d5 Nc5 9. Nd2 a5 10. Qc2 Nfd7 11. Nb3 Nxb3 12. axb3 Nc5 13. b4 Na6 14. bxa5
f5 15. exf5 Bxf5 16. Ne4 Nc5 17. Bd3 Nxd3 18. Qxd3 Qh4 19. f3 Rf7 20. Be3
Raf8 21. b4 Bh6 22. b5 Bxe3+ 23. Qxe3 Bxe4 24. fxe4 Rxf1+ 25. Rxf1 Rxf1+ 26.
Kxf1 Qxh2 27. a6 bxa6 28. bxa6 Qh1+ 29. Kf2 Qh4+ 30. Qg3 Qf6+ 31. Qf3 Qh4+
32. Ke2 Qd8 33. a7 Qa8 34. Qa3 Kf7 35. Qa4 Ke7 36. Kf3 Kd8 37. Kg4 h6 38.
Kf3 Kc8 39. Qa6+ Kd7 40. Qc6+ Qxc6 41. dxc6+ Kxc6 42. a8=Q+ Kc5 43. Qd5+ Kb4
44. Ke3 Kc3 45. c5 Kb4 46. cxd6 cxd6 47. Qxd6+ Kc3 48. Qxe5+ Kc2 49. Qf6 Kd1
50. Qxg6 Ke1 51. Qxh6 Kf1 52. g4 Kg2 53. g5 Kf1 54. g6 Kg2 55. g7 Kf1 56.
g8=Q Ke1 57. Qh1# {Black checkmated} 1-0

[Event "ICCopen2017"]
[Site "Internet Chess Club"]
[Date "2017.03.26"]
[Round "7"]
[White "ylr5000"]
[Black "DoctorWho"]
[Result "1-0"]
[ICCResult "Black checkmated"]
[WhiteElo "2262"]
[BlackElo "1849"]
[Opening "French: King's Indian attack"]
[ECO "C00"]
[NIC "FR.02"]
[Time "20:17:56"]
[TimeControl "180+0"]

1. e4 e6 2. d3 d5 3. Nd2 Nf6 4. Ngf3 Bc5 5. e5 Nfd7 6. d4 Be7 7. Bd3 c5 8.
c3 Nc6 9. O-O Qb6 10. Re1 cxd4 11. cxd4 Nxd4 12. Nxd4 Qxd4 13. Nf3 Qb6 14.
Qa4 Qb4 15. Qc2 Nc5 16. Bd2 Qb6 17. Be3 Qa5 18. Bxh7 Bd7 19. Rac1 Rc8 20.
Qb1 Qb4 21. Bc2 Ne4 22. a3 Qc4 23. Bd3 Qa4 24. Rxc8+ Bxc8 25. Nd4 Bd7 26.
Bxe4 dxe4 27. Qxe4 Bc6 28. Qg4 Kf8 29. Qf4 Qc4 30. Nxc6 Qxc6 31. Rc1 Qd7 32.
Bxa7 g5 33. Qe3 Rh4 34. g3 Ra4 35. Bc5 g4 36. Qh6+ Kg8 37. Bxe7 Rd4 38. Qg5+
Kh7 39. h4 f5 40. exf6 Rd1+ 41. Kh2 Qxe7 42. fxe7 Rxc1 43. e8=Q Rc7 44.
Qeg8# {Black checkmated} 1-0

[Event "ICCopen2017"]
[Site "Internet Chess Club"]
[Date "2017.03.26"]
[Round "7"]
[White "FytinFrank"]
[Black "charlestehace"]
[Result "0-1"]
[ICCResult "White forfeits on time"]
[WhiteElo "1966"]
[BlackElo "2888"]
[Opening "French defense"]
[ECO "C00"]
[NIC "FR.01"]
[Time "20:18:19"]
[TimeControl "180+0"]

1. e4 e6 2. Nc3 d5 3. g3 Nf6 4. Bg2 d4 5. Nce2 c5 6. d3 Nc6 7. h3 e5 8. f4
Bd6 9. Nf3 Qc7 10. O-O b6 11. c3 Ba6 12. cxd4 cxd4 13. fxe5 Bxe5 14. Nxe5
Qxe5 15. Qa4 Qb5 16. Qxb5 Bxb5 17. e5 Nd7 18. Nxd4 Nxd4 19. Bxa8 O-O 20. Be4
Nc5 21. Rd1 Nc2 22. Rb1 Rd8 23. Bf4 h6 24. b4 Ne6 25. Rbc1 Nxb4 26. Rb1 Ba4
27. Rd2 Nd5 28. Bxd5 Rxd5 29. Rb4 Bb5 30. d4 Kf8 31. Kf2 Ke8 32. Ke3 Kd7 33.
Ke4 Bc6 34. Ke3 Ra5 35. h4 g5 36. hxg5 hxg5 37. Rh2 gxf4+ 38. gxf4 Nc7 39.
Rc4 Ra3+ 40. Kd2 Rxa2+ 41. Rc2 Ra4 42. Ke3 Nd5+ 43. Kf2 Rxd4 44. f5 Rf4+ 45.
Kg3 Rxf5 46. Rhf2 Rxf2 47. Kxf2 Nc7 48. Rd2+ Bd5 49. Ke3 a5 50. Kf4 a4 51.
Kf5 a3 52. Kf6 a2 {White forfeits on time} 0-1

[Event "ICCopen2017"]
[Site "Internet Chess Club"]
[Date "2017.03.26"]
[Round "7"]
[White "KH"]
[Black "Dupinpon"]
[Result "1-0"]
[ICCResult "Black forfeits on time"]
[WhiteElo "2066"]
[BlackElo "1642"]
[Opening "Bird's opening"]
[ECO "A02"]
[NIC "VO.07"]
[Time "20:18:24"]
[TimeControl "180+0"]

1. f4 Nf6 2. Nf3 g6 3. b3 Bg7 4. Bb2 O-O 5. e3 d6 6. Be2 c6 7. O-O Nbd7 8.
c4 e5 9. fxe5 Ng4 10. Nc3 Ngxe5 11. d4 Nxf3+ 12. Bxf3 Qe7 13. Qd3 Nf6 14.
Rae1 Re8 15. e4 Qc7 16. h3 Qb6 17. Kh2 Bd7 18. e5 Nh5 19. Bxh5 gxh5 20. exd6
Qxd4 21. Qxd4 Bxd4 22. Nd1 Bc5 23. Be5 Rxe5 24. Rxe5 Bxd6 25. Re1 Re8 26.
Kg1 Bxe5 27. Kf1 Bf5 28. Ne3 Bd3+ 29. Kf2 Bd4 30. Kf3 f5 31. g3 Be4+ 32. Kf4
Kf7 33. Nxf5 Be5+ 34. Kg5 Bxf5 35. Kxf5 Rg8 36. Rxe5 Rxg3 37. h4 Rg4 38. Re3
a5 39. Rd3 Ke7 40. Re3+ Kd6 41. Rd3+ Ke7 42. Re3+ Kf7 43. Rd3 Ke7 44. Re3+
Kd6 45. Re6+ Kc5 46. Rh6 Rxh4 47. Rxh7 b5 48. cxb5 cxb5 49. a3 Rh1 50. Ke4
b4 51. a4 Rh4+ 52. Kd3 Rh3+ 53. Kd2 h4 54. Rh5+ Kd4 55. Rxa5 Rh2+ 56. Ke1
Kc3 57. Rc5+ Kxb3 58. a5 h3 59. Kf1 Rh1+ 60. Kf2 Ra1 61. Rh5 h2 62. Kg2
{Black forfeits on time}
1-0

[Event "ICCopen2017"]
[Site "Internet Chess Club"]
[Date "2017.03.26"]
[Round "7"]
[White "manitodeplomo"]
[Black "Dare-Dare"]
[Result "0-1"]
[ICCResult "White forfeits on time"]
[WhiteElo "2413"]
[BlackElo "1976"]
[Opening "English: Anglo-Dutch defense"]
[ECO "A10"]
[NIC "HD.14"]
[Time "20:17:52"]
[TimeControl "180+0"]

1. c4 f5 2. Nf3 Nf6 3. g3 d6 4. Bg2 e5 5. O-O g6 6. Nc3 Bg7 7. d3 c6 8. b4
O-O 9. b5 Qc7 10. a4 a6 11. Ba3 c5 12. a5 Kh8 13. b6 Qd8 14. e3 Nc6 15. Bb2
Bd7 16. d4 e4 17. Nd2 cxd4 18. exd4 Nxd4 19. Ndxe4 Nxe4 20. Nxe4 Nf3+ 21.
Qxf3 Bxb2 22. Nxd6 Bc6 23. Qf4 Bxa1 24. Rxa1 Qf6 25. Rd1 Bxg2 26. Kxg2 Rfd8
27. c5 Rd7 28. Qf3 Rb8 29. Rd5 Qe6 30. Qc3+ Kg8 31. Qd4 Rbd8 32. h4 Qe7 33.
Re5 Qg7 34. Qd5+ Kh8 35. Re6 Rf8 36. c6 bxc6 37. Qxc6 Re7 38. Rxe7 Qxe7 39.
b7 Rd8 40. Nc8 Qe5 41. Qxa6 Qb8 42. Qf6+ Kg8 43. Qxd8+ Kg7 44. Qd7+ Kh6 45.
Ne7 Qe5 46. Qd2+ Kg7 47. Qe3 Qb8 48. Qf4 Qxb7+ 49. Kh2 Qxe7 50. Qd4+ Qf6 51.
a6 Qxd4 {White forfeits on time} 0-1

[Event "ICCopen2017"]
[Site "Internet Chess Club"]
[Date "2017.03.26"]
[Round "7"]
[White "Brothersinarms"]
[Black "chalimo77"]
[Result "1-0"]
[ICCResult "Black resigns"]
[WhiteElo "1869"]
[BlackElo "1619"]
[Opening "Sicilian: wing gambit"]
[ECO "B20"]
[NIC "SI.48"]
[Time "20:18:39"]
[TimeControl "180+0"]

1. e4 c5 2. b4 cxb4 3. d4 d5 4. exd5 Qxd5 5. Nf3 Nf6 6. Be2 Bg4 7. O-O Nc6
8. c4 Qd8 9. d5 Bxf3 10. Bxf3 Ne5 11. Be2 g6 12. Qa4+ Qd7 13. Qxb4 Bg7 14.
Nc3 O-O 15. Ba3 Rfe8 16. Rad1 a5 17. Qb5 Qf5 18. Qxb7 Rab8 19. Qa7 Qc2 20.
Qe3 Nfg4 21. Bxg4 Nxg4 22. Qg3 Qxc3 23. Rd3 Qc2 24. Bxe7 Nxh2 25. Kxh2 Rb7
26. d6 Qe2 27. Rfd1 Be5 28. f4 Qh5+ 29. Kg1 Bxd6 30. Bxd6 Re2 31. Qf3 Qxf3
32. gxf3 Rbb2 33. Bc5 Rg2+ 34. Kf1 Rh2 35. Bg1 Rhg2 36. Rd8+ Kg7 37. Bd4+
Kh6 38. Bxb2 Rxb2 39. R8d2 Rxa2 40. Rxa2 {Black resigns} 1-0

[Event "ICCopen2017"]
[Site "Internet Chess Club"]
[Date "2017.03.26"]
[Round "7"]
[White "RobertoJBM"]
[Black "DEHO"]
[Result "1-0"]
[ICCResult "Black resigns"]
[WhiteElo "2726"]
[BlackElo "2075"]
[Opening "Queen's bishop game"]
[ECO "D02"]
[NIC "QP.08"]
[Time "20:17:51"]
[TimeControl "180+0"]

1. d4 d5 2. Nf3 Nf6 3. Bf4 e6 4. c3 Bd6 5. Bg3 c5 6. e3 Nc6 7. Nbd2 O-O 8.
Bd3 b6 9. Ne5 Bb7 10. Qe2 Qe7 11. f4 Nd7 12. O-O f6 13. Bh4 Qe8 14. Nxd7
Qxd7 15. Rae1 Rae8 16. Qg4 c4 17. Bc2 b5 18. Qh3 g6 19. e4 f5 20. exf5 exf5
21. Bg5 Rxe1 22. Rxe1 Re8 23. Qg3 Rxe1+ 24. Qxe1 Nd8 25. Bxd8 Qxd8 26. Qe6+
Kg7 27. g3 Qe7 28. Qxe7+ Bxe7 29. Kf2 b4 30. Ke2 bxc3 31. bxc3 Ba3 32. Nf3
Bd6 33. Ne5 Kf6 34. Ba4 h6 35. Bc6 Bxc6 36. Nxc6 a6 37. Kd2 g5 38. Ke3 Ke6
39. Ne5 Kf6 40. Ke2 g4 41. Kd2 h5 42. a4 Ke6 43. Ke3 Kf6 44. Ke2 Ke6 45. Kd2
Kf6 46. Kd1 Ke6 47. Ke2 Kf6 48. Nd7+ Ke6 49. Ne5 Kf6 50. Ke3 Ke6 51. Kf2 Ba3
52. Ke2 Bb2 53. Kd2 Ba3 54. Nc6 Bd6 55. Ne5 Bc7 56. Kd1 Bd6 57. Kc2 Bc7 58.
Kd2 Bd6 59. Ke3 Bc7 60. Nc6 Bd6 61. Kd2 h4 62. Ne5 h3 63. Ke2 Bc7 64. Ke1
Bd6 65. Kd2 Bc7 66. Kc2 Bd6 67. Kc1 Bc7 68. Kd2 Bd6 69. Nc6 Bc7 70. Nb4 Bd6
71. Nxa6 {Black resigns} 1-0